 Dungeon Crawl Stone Soup version 0.24-a0-235-g3f03afc (webtiles) character file.

Game seed: 4334635699226423767

61 RoseArtemis the Vexing (level 4, 0/30 HPs)
             Began as a Formicid Enchanter on Apr 7, 2019.
             Slain by Grinder (1 damage)
             ... on level 3 of the Dungeon.
             The game lasted 00:07:08 (2511 turns).

RoseArtemis the Vexing (Formicid Enchanter)         Turns: 2511, Time: 00:07:09

Health: 0/30       AC:  3    Str: 13    XL:     4   Next: 27%
Magic:  2/7        EV: 12    Int: 15    God:
Gold:   78         SH:  0    Dex: 11    Spells: 1/7 levels left

rFire    . . .     SeeInvis +   a - +1 dagger
rCold    . . .     Gourm    .   (no shield)
rNeg     . . .     Faith    .   b - +0 robe
rPois    .         Spirit   .   (helmet unavailable)
rElec    .         Reflect  .   (no cloak)
rCorr    .         Harm     .   i - +0 pair of gloves
MR       .....                  (no boots)
Stlth    ++........             (no amulet)
HPRegen  0.10/turn              (no ring)
MPRegen  0.10/turn              (no ring)

@: very slightly contaminated
A: permanent stasis, dig shafts and tunnels, four strong arms, antennae 3
a: Dig, Shaft Self


You were on level 3 of the Dungeon.
You were not hungry.

You visited 1 branch of the dungeon, and saw 3 of its levels.

You collected 78 gold pieces.

Inventory:

Hand Weapons
 a - a +1 dagger (weapon)
Armour
 b - a +0 robe (worn)
 i - a +0 pair of gloves (worn)
Jewellery
 e - an uncursed ring of protection from cold {unknown}
Scrolls
 c - a scroll of immolation {unknown}
 f - a scroll of identify {unknown}
 h - a scroll of enchant weapon {unknown}
 j - a scroll of remove curse {unknown}
 k - a scroll of blinking {unknown}
Potions
 g - a potion of mutation {unknown}
Comestibles
 d - 5 rations


   Skills:
 + Level 1.8 Short Blades
 + Level 1.0 Armour
 - Level 2.0 Dodging
 + Level 4.2 Stealth
 - Level 2.1 Spellcasting
 + Level 0.0 Conjurations
 * Level 4.6 Hexes


You had one spell level left.
You knew the following spells:

 Your Spells              Type           Power        Failure   Level  Hunger
a - Ensorcelled Hibernat  Hex/Ice        #.....       13%         2    ###....
b - Dazzling Spray        Conj/Hex       #.....       26%         3    ###....
c - Corona                Hex            ###....      3%          1    #......

Your spell library contained the following spells:

 Spells                   Type           Power        Failure   Level  Hunger
 Confuse                  Hex            ###.....     10%         3    ###....
 Tukima's Dance           Hex            ###.....     10%         3    ###....


Dungeon Overview and Level Annotations

Branches:
Dungeon (3/15)

Altars:

Annotations:
D:3 Grinder


Innate Abilities, Weirdness & Mutations

You cannot be hasted, slowed, berserked, paralysed or teleported.
You can dig through walls and to a lower floor.
Your four strong arms can wield two-handed weapons with a shield.
You have a pair of large antennae on your head. (SInv)


Message History

Grinder gestures at you. You resist with significant effort.
You hit Grinder but do no damage. Grinder hits you.
* * * LOW HITPOINT WARNING * * *
You writhe in agony.
* * * LOW HITPOINT WARNING * * *
You hit Grinder but do no damage. Grinder gestures at you.
Your stasis prevents you from being paralysed.
You hit Grinder.
Grinder blinks!
Grinder gestures at you.
Your stasis prevents you from being paralysed.
A bat comes into view.
Grinder blinks!
You barely miss Grinder. Grinder hits you.
* * * LOW HITPOINT WARNING * * *
You writhe in agony.
* * * LOW HITPOINT WARNING * * *
You barely miss Grinder. Grinder hits you.
You die...

### ...
###
#.####.b.
...
#.5......
#.###@#
#.....#
###<###
#.# #.#
#.# #.# {
#.# #..


You could see Grinder and a bat (sleeping).

Vanquished Creatures
  An adder (D:2)
  An ooze (D:2)
  A worm (D:2)
  2 dart slugs (D:2)
  3 leopard geckos
  7 bats (D:1)
  A giant cockroach (D:1)
  6 goblins
  6 hobgoblins
  2 kobolds
  A quokka (D:2)
  3 frilled lizards
  2 rats (D:1)
36 creatures vanquished.

Notes
Turn   | Place    | Note
-------+----------+-------------------------------------------
     0 | D:1      | RoseArtemis the Formicid Enchanter began the quest for the
                  | Orb.
     0 | D:1      | Reached XP level 1. HP: 13/13 MP: 3/3
   128 | D:1      | Reached XP level 2. HP: 19/19 MP: 5/5
   429 | D:1      | Reached XP level 3. HP: 7/24 MP: 4/6
  1001 | D:2      | Learned a level 2 spell: Ensorcelled Hibernation
  1637 | D:2      | Reached XP level 4. HP: 6/30 MP: 1/7
  2095 | D:2      | Reached skill level 1 in Armour
  2458 | D:2      | Learned a level 3 spell: Dazzling Spray
  2494 | D:3      | Noticed Grinder
  2510 | D:3      | HP: 1/30 [Grinder (5)]
  2511 | D:3      | Slain by Grinder

Levels and vault maps discovered:
D:1:      saegor_arrival_under_anarchy, layout_loops_ring
D:2:      layout_basic
D:3:      layout_loops_ring, first_ration, kennysheep_generic_room_3, uniq_ijyb,
          uniq_grinder

Skill      XL: |  1  2  3  4 |
---------------+-------------+-----
Dodging        | 2 |  2.0
Hexes          | 4 |  4.6
Stealth        | 4 |  4.2
Armour         | 1 |  1.0
Short Blades   | |  1.8
Spellcasting   | |  2.1

Action                   |  1- 3 |  4- 6 || total
-------------------------+-------+-------++-------
Melee: Dagger            |   103 |    33 ||   136
 Cast: Corona            |     1 |       ||     1
       Ensorcelled Hiber |     7 |     7 ||    14
       Dazzling Spray    |       |     1 ||     1
 Stab: Sleeping          |    12 |     4 ||    16
  Eat: Chunk             |     3 |     2 ||     5
       Ration            |       |     1 ||     1
Armor: Robe              |    15 |     4 ||    19
       Chain mail        |    25 |       ||    25
Dodge: Dodged            |    51 |     7 ||    58

Table legend:
 A = Non-vault XP
 B = Vault XP
 C = Vault XP percentage of total XP
 D = Non-vault monster count
 E = Vault monster count
 F = Vault count percentage of total count
                 A         B        C        D         E       F
            +---------+---------+-------+---------+---------+-------
      Total |      88 |       0 |   0.0 |      36 |       0 |   0.0
            +---------+---------+-------+---------+---------+-------
        D:1 |      38 |       0 |   0.0 |      22 |       0 |   0.0
        D:2 |      50 |       0 |   0.0 |      14 |       0 |   0.0
            +---------+---------+-------+---------+---------+-------
